 Dungeon Sprint DCSS version 0.21.2 (webtiles) character file.

3927 Fang the Severer (level 10, -1/72 HPs)
             Began as a Gargoyle Berserker on Sept 25, 2018.
             Was the Champion of Trog.
             Killed from afar by a lindwurm (37 damage)
             ... with a blast of flame
             ... in the Dungeon (Sprint IX: "|||||||||||||||||||||||||||||").
             The game lasted 00:02:21 (1737 turns).

Fang the Severer (Gargoyle Berserker)               Turns: 1737, Time: 00:02:22

Health: -1/72      AC: 11    Str: 24    XL:     10   Next: 21%
Magic:  3/3        EV: 15    Int: 11    God:    Trog [******]
Gold:   0          SH:  0    Dex:  9    Spells: 9/9 levels left

rFire    . . .     SeeInvis .   q - +4 battleaxe (antimagic)
rCold    . . .     Gourm    .   (shield currently unavailable)
rNeg     + . .     Faith    .   b - +0 animal skin
rPois    ∞         Spirit   .   (no helmet)
rElec    +         Reflect  .   (no cloak)
rCorr    .         Harm     .   (no gloves)
MR       .....     NoTele   +   (no boots)
Stlth    ++........             (no amulet)
HPRegen  0.22/turn              n - +2 ring of protection
MPRegen  0.08/turn              o - +3 ring of intelligence

@: berserk cooldown, slowed, very slow
A: negative energy resistance 1, electricity resistance, unbreathing,
petrification resistance, rot immunity, AC +7
a: Berserk, Trog's Hand, Brothers in Arms, Burn Spellbooks, Renounce Religion


You were in the Dungeon.
You worshipped Trog.
Trog was exalted by your worship.
You were near starving.

You visited 1 branch

Inventory:

Hand Weapons
 a - a +0 hand axe
 m - a +1 broad axe of chopping
 q - a +4 antimagic battleaxe (weapon)
 v - a +3 war axe of flaming
Armour
 b - a +0 animal skin (worn)
Jewellery
 n - a +2 ring of protection (left hand)
 o - a +3 ring of intelligence (right hand)
Wands
 l - a wand of iceblast (10)
Scrolls
 i - 2 scrolls of blinking
 k - 3 scrolls of remove curse
 s - 2 scrolls of identify
 t - a scroll of fear
 u - 4 scrolls of enchant weapon
Potions
 d - 5 potions of curing
 e - 9 potions of heal wounds
 f - a potion of haste
 g - 4 potions of magic
 h - a potion of berserk rage
 j - a potion of invisibility
 p - a potion of might
 r - 2 potions of agility
Comestibles
 c - a ration


   Skills:
 + Level 12.6 Fighting
 + Level 15.9 Axes
 + Level 5.1 Armour
 + Level 7.3 Dodging
 + Level 3.1 Stealth


You had 9 spell levels left.
You didn't know any spells.

Dungeon Overview and Level Annotations

Branches:
Dungeon (1/1)

Altars:
Cheibriados
Dithmenos
Elyvilon
Fedhas
Gozag
Hepliaklqana
Kikubaaqudgha
Makhleb
Nemelex Xobeh
Okawaru
Qazlal
Ru
Sif Muna
Trog
Uskayaw
Vehumet
Wu Jian
Xom
Yredelemnul
Zin
The Shining One
Beogh
Jiyva
Lugonu


Innate Abilities, Weirdness & Mutations

You are resistant to torment.
Your stone body is resilient. (AC +7)
You are immune to poison.
You resist negative energy. (rN+)
You are resistant to electric shocks. (rElec)
You can survive without breathing.
You are immune to petrification.
You are immune to rotting.


Message History

Your stone giant goes berserk!
You are near starving!
The lindwurm barely misses you.
The lindwurm claws you but does no damage.
The lindwurm closely misses you.
You swap places.
Your stone giant hits the lindwurm!
The lindwurm bites your stone giant but does no damage.
The lindwurm claws your stone giant but does no damage.
The lindwurm claws your stone giant.
Your stone giant hits the lindwurm!!
The lindwurm barely misses your stone giant.
The lindwurm claws your stone giant but does no damage. x2
You see here a tyrant leech corpse.
Your stone giant hits the lindwurm!!
The lindwurm dies!
Trog accepts your kill. The lindwurm breathes flames at you.
The blast of flame hits your stone giant.
The blast of flame hits you!
Ouch! That really hurt!
You die...

▓▓▓▓▓▓▓▓▓▓▓▓▓▓▓▓▓▓▓▓▓▓▓▓▓▓▓▓▓▓▓▓▓
________________'.?|)([[..'())..(
▓▓▓▓▓▓▓▓▓▓▓▓▓▓▓▓▓▓▓▓▓▓▓▓▓▓▓▓▓▓▓▓▓
.................................
▓▓▓▓▓▓▓▓▓▓▓▓▓▓▓▓▓▓▓▓▓▓▓▓▓▓▓▓▓▓▓▓▓
......'.........@†C†kwwk.:
▓▓▓▓▓▓▓▓▓▓▓▓▓▓▓▓▓▓▓▓▓▓▓▓▓▓


You could see 2 lindwurms, 2 worms and a friendly stone giant (berserk).

Vanquished Creatures
  A spiny frog (D)
  A black mamba (D)
  2 tyrant leeches (D)
  A blink frog (D)
  A slime creature (D)
  2 hippogriffs (D)
  A yak (D)
  2 water moccasins (D)
  3 porcupines (D)
  An orc warrior (D)
  An eye of draining (D)
  2 ice beasts (D)
  3 centaurs (D)
  A crocodile (D)
  4 bullfrogs (D)
  2 scorpions (D)
  A jelly (D)
  An orc wizard (D)
  An adder (D)
  A worm (D)
  A dart slug (D)
  An orc (D)
  A bat zombie (D)
  A jackal (D)
  A kobold (D)
  A quokka (D)
  A goblin (D)
  A rat (D)
40 creatures vanquished.

Vanquished Creatures (collateral kills)
  A lindwurm (D)
  A spiny frog (D)
  A porcupine (D)
  A bullfrog (D)
4 creatures vanquished.

Grand Total: 44 creatures vanquished

Notes
Turn   | Place    | Note
-------+----------+-------------------------------------------
     0 | D        | Fang the Gargoyle Berserker began the quest for the Orb.
     0 | D        | Reached XP level 1. HP: 14/14 MP: 1/1
    12 | D        | Reached skill level 3 in Axes
    13 | D        | Reached ** piety under Trog
    24 | D        | Reached XP level 2. HP: 20/20 MP: 2/2
   131 | D        | Noticed a scorpion
   131 | D        | Noticed an ice beast
   142 | D        | Killed a scorpion
   142 | D        | Reached *** piety under Trog
   142 | D        | Reached skill level 5 in Fighting
   142 | D        | Reached skill level 5 in Axes
   142 | D        | Reached XP level 3. HP: 11/27 MP: 3/3
   145 | D        | Killed an ice beast
   145 | D        | Reached skill level 7 in Axes
   145 | D        | Reached XP level 4. HP: 14/34 MP: 4/4
   145 | D        | Reached XP level 5. HP: 16/38 MP: 5/5
   152 | D        | Reached **** piety under Trog
   455 | D        | Found a roughly hewn altar of Beogh.
   455 | D        | Found a snail-covered altar of Cheibriados.
   455 | D        | Found a shadowy altar of Dithmenos.
   455 | D        | Found a white marble altar of Elyvilon.
   455 | D        | Found a blossoming altar of Fedhas.
   455 | D        | Found an opulent altar of Gozag.
   456 | D        | Found a hazy altar of Hepliaklqana.
   457 | D        | Found a viscous altar of Jiyva.
   458 | D        | Found an ancient bone altar of Kikubaaqudgha.
   459 | D        | Found a corrupted altar of Lugonu.
   460 | D        | Found a burning altar of Makhleb.
   461 | D        | Found a sparkling altar of Nemelex Xobeh.
   462 | D        | Found an iron altar of Okawaru.
   463 | D        | Found a stormy altar of Qazlal.
   464 | D        | Found a sacrificial altar of Ru.
   465 | D        | Found a deep blue altar of Sif Muna.
   466 | D        | Found a bloodstained altar of Trog.
   467 | D        | Found a hide-covered altar of Uskayaw.
   468 | D        | Found a radiant altar of Vehumet.
   469 | D        | Found an ornate altar of the Wu Jian Council.
   470 | D        | Found a shimmering altar of Xom.
   471 | D        | Found a basalt altar of Yredelemnul.
   472 | D        | Found a glowing silver altar of Zin.
   473 | D        | Found a glowing golden altar of the Shining One.
   601 | D        | Noticed a centaur
   601 | D        | Noticed a centaur
   601 | D        | Noticed an ice beast
   608 | D        | Killed a centaur
   608 | D        | Reached skill level 8 in Axes
   608 | D        | Reached XP level 6. HP: 44/44 MP: 6/6
   613 | D        | Reached skill level 9 in Axes
   618 | D        | Killed an ice beast
   618 | D        | Reached ***** piety under Trog
   618 | D        | Reached skill level 10 in Axes
   618 | D        | Reached XP level 7. HP: 51/51 MP: 7/7
   744 | D        | Noticed a slime creature
   744 | D        | Noticed a yak
   755 | D        | Reached skill level 1 in Stealth
   758 | D        | Reached skill level 10 in Fighting
   758 | D        | Reached skill level 11 in Axes
   758 | D        | Reached skill level 5 in Dodging
   761 | D        | Killed a slime creature
   761 | D        | Received a gift from Trog
   761 | D        | Reached skill level 5 in Armour
   761 | D        | Reached XP level 8. HP: 32/58 MP: 1/8
   768 | D        | Killed a yak
   768 | D        | Reached skill level 12 in Axes
  1048 | D        | Noticed a hippogriff
  1056 | D        | Killed a hippogriff
  1057 | D        | Noticed a hippogriff
  1057 | D        | Reached skill level 13 in Axes
  1060 | D        | Reached ****** piety under Trog
  1060 | D        | Reached XP level 9. HP: 64/64 MP: 3/9
  1071 | D        | Reached skill level 14 in Axes
  1454 | D        | Noticed a spiny frog
  1454 | D        | Noticed a black mamba
  1457 | D        | Noticed a spiny frog
  1458 | D        | Killed a spiny frog
  1469 | D        | Killed a black mamba
  1469 | D        | Reached skill level 15 in Axes
  1480 | D        | Killed a spiny frog
  1480 | D        | Received a gift from Trog
  1481 | D        | Reached XP level 10. HP: 23/71 MP: 3/10
  1715 | D        | Noticed a lindwurm
  1715 | D        | Noticed a lindwurm
  1734 | D        | Noticed a lindwurm
  1737 | D        | Killed a lindwurm
  1737 | D        | Killed from afar by a lindwurm

Skill      XL: |  1  2  3  4  5  6  7  8  9 10 |
---------------+-------------------------------+-----
Axes           | 3 5 7 8 10 11 13 15 | 15.9
Fighting       | 4 5 7 8 9 10 11 12 | 12.6
Armour         | 3 4 5 |  5.1
Dodging        | 2 3 4 5 6 7 |  7.3
Stealth        | 1 2 3 |  3.1

Action                   |  1- 3 |  4- 6 |  7- 9 | 10-12 || total
-------------------------+-------+-------+-------+-------++-------
Melee: Hand axe          |    34 |     6 |       |       ||    40
       Broad axe         |       |    12 |    20 |       ||    32
       Battleaxe         |       |       |    42 |    15 ||    57
Invok: Berserk           |     1 |     1 |     3 |     1 ||     6
       Brothers in Arms  |       |       |     1 |     1 ||     2
  Eat: Chunk             |       |       |     5 |     2 ||     7
Armor: Animal skin       |     8 |     6 |    20 |     3 ||    37
Dodge: Dodged            |    19 |    10 |    34 |     9 ||    72
